 Dungeon Crawl Stone Soup version 0.32-a0-928-g1cae6b7ea0 (webtiles) character file.

Game seed: 117621508350691959

2760 RBrandon the Slasher (level 9, 0/70 (72) HPs)
             Began as a Coglin Berserker on Apr 12, 2024.
             Was an Elder of Trog.
             Slain by a wight
             ... wielding a +0 halberd
              (1 damage)
             ... on level 7 of the Dungeon.
             The game lasted 00:11:17 (5640 turns).

RBrandon the Slasher (Coglin Berserker)             Turns: 5640, Time: 00:11:18

HP:   0/70 (72)     AC:  8    Str: 19    XL:     9   Next: 69%
MP:   18/18         EV:  5    Int:  8    God:    Trog [****..]
Gold: 227           SH:  0    Dex: 15    Spells: 8/8 levels left

rFire   . . .        b - +7 Throatcutter {drain, coup de grace}
rCold   . . .        s - +5 short sword "Vaixirur" {spect, MP+9}
rNeg    . . .        l - +0 plate armour
rPois   .            f - +0 helmet
rElec   .            t - scarf {shadows}
rCorr   .            d - +0 pair of gloves
SInv    .            o - +0 pair of boots
Will    ++...        (amulet unavailable) Stlth
                     (ring unavailable)
HPRegen 1.31/turn    (ring unavailable)
MPRegen 0.16/turn    (no gizmo)

%: no passive effects
@: strong-willed, corroded, on berserk cooldown, regenerating, slowed, lightly
drained, very slow
A: off-hand wielding, slow wielding, warmup strikes, no jewellery
a: Invent Gizmo, Renounce Religion, Berserk, Trog's Hand, Brothers in Arms


You were on level 7 of the Dungeon.
You worshipped Trog.
Trog was greatly pleased with you.
You visited 1 branch of the dungeon, and saw 7 of its levels.
You also visited: Sewer.

You collected 227 gold pieces.

Inventory:

Hand Weapons
 b - the +7 Throatcutter (weapon) {drain, coup de grace}
   (You took it off Terence on level 3 of the Dungeon)
 m - a +1 flail of holy wrath {Chisato}
   (You took it off an orc on level 3 of the Dungeon)
 p - a +0 dagger of venom
   (You took it off a kobold in a sewer)
 s - the +5 short sword "Vaixirur" (offhand) {spect, MP+9}
   (You took it off an orc on level 5 of the Dungeon)

   MP+9:      It affects your magic capacity (+9).
Armour
 d - a +0 pair of gloves (worn)
 f - a +0 helmet (worn)
 l - a +0 plate armour (worn)
 o - a +0 pair of boots (worn)
 t - a scarf of shadows (worn)
   (You found it on level 5 of the Dungeon)
Wands
 i - a wand of acid (3)
 v - a wand of flame (10)
Scrolls
 a - a scroll of brand weapon {unknown}
 g - 2 scrolls of amnesia {unknown}
 h - a scroll of silence {unknown}
Potions
 e - 3 potions of resistance
 j - 2 potions of curing
 k - a potion of enlightenment
 n - a potion of magic {unknown}
 u - a potion of invisibility {unknown}


   Skills:
 + Level 7.3 Fighting
 + Level 7.7 Long Blades
 - Level 4.4(5.2) Axes
 - Level 3.5(4.4) Maces & Flails
 + Level 5.5 Armour
 - Level 1.7 Dodging


You had 8 spell levels left.
You didn't know any spells.
Your spell library was empty.

Dungeon Overview and Level Annotations

Branches:
Dungeon (7/15)             Temple (0/1) D:6           Sewer (visited)

Altars:
Elyvilon
Fedhas
Hepliaklqana
Makhleb
Nemelex Xobeh
Beogh

Annotations:
D:6 exclusion: electric eel
D:7 1 transporter, Jeremiah


Innate Abilities, Weirdness & Mutations

You can wield a second weapon in your off-hand.
It takes a long time for you to wield or remove held weapons.
Your first few attacks do less damage.
You cannot equip rings or amulets.


Message History

The butterfly disappears in a burst of colours!
The bolt of acid misses the butterfly.
The bolt of acid hits you! The acid corrodes you!
Your surroundings suddenly seem different.
An orc warrior, 2 orc wizards, 2 orcs and 4 wights come into view.
The orc warrior is wielding a +2 long sword of holy wrath.
An orc is wielding a +4 hand axe of freezing.
A wight is wielding a +2 scimitar of freezing.
The orc wizard shouts!
The orc shouts!
The orc wizard shouts!
The orc shouts!
A wight comes into view. It is wielding a +3 scimitar.
The orc wizard casts a spell at you. The puff of flame hits you.
Okay, then.
Okay, then.
You fail to use your ability.
The wight hits you with a +3 short sword!
* * * LOW HITPOINT WARNING * * *
The wight hits you with a +2 scimitar of freezing!
* * * LOW HITPOINT WARNING * * *
The wight freezes you.
* * * LOW HITPOINT WARNING * * *
The wight hits you with a +2 scimitar of freezing!
* * * LOW HITPOINT WARNING * * *
The wight freezes you.
* * * LOW HITPOINT WARNING * * *
Okay, then.
Okay, then.
As you read the scroll labelled DUG AGEMAMU, it crumbles to dust.
You feel aware of your surroundings.
You sensed 1 shop/portal.
It was a scroll of revelation.
The wight barely misses you.
The wight hits you from afar with a +0 halberd!
* * * LOW HITPOINT WARNING * * *
The wight hits you but does no damage.
As you read the scroll labelled BIS TYHIOGOTAE, it crumbles to dust.
The creatures around you are filled with an inner flame!
It was a scroll of immolation.
The wight hits you with a +2 scimitar of freezing.
* * * LOW HITPOINT WARNING * * *
You feel drained. The wight freezes you.
* * * LOW HITPOINT WARNING * * *
The wight hits you from afar with a +0 halberd.
You die...

####..b......§).§..).###
#.........###§...§......
#...F..######..§......##
##..##########.......##
#..###########......#**
#...####.....#.....#.,,
#...##...............,,
##..#..o...........*.,,
##..#.@z.o...,....,*,,,
*##....ozoz...,,,,,***,,
**......z.o....,,,,,* **,
*,....#.b...z..,,,,,* *,
*,.............,,,,,** **
**.............,,,,,,* *
*,.............,,,,,,*
**,,,,,,,,,,,,,,,,,,,****
*,,,,,*,,,,,,,>,,,,,,*,,


You could see an orc warrior (inner flame), 5 wights, 2 orc wizards and 2 orcs.

Vanquished Creatures
  The ghost of zazu2006 the Covert, a novice GnWn (D:6)
  The ghost of joemur96 the Covered, an amateur AtWr of Yredelemnul (D:5)
  A water moccasin (D:4)
  2 ice beasts
  2 ogres
  An orc warrior (D:7)
  3 brain worms (Sewer)
  5 kobold brigands
  3 bullfrogs
  2 scorpions
  4 orc priests
  2 bombardier beetles
  2 hounds
  A gnoll bouda (D:6)
  Terence (D:3)
  Ijyb (D:5)
  An orc wizard (D:6)
  4 gnolls (D:6)
  10 adders
  3 river rats (Sewer)
  A shadow imp (D:5)
  6 ufetubi (D:6)
  A dart slug (D:1)
  5 ribbon worms
  33 orcs
  7 ball pythons
  14 endoplasms
  5 giant cockroaches
  4 goblins
  A hobgoblin (D:2)
  10 jackals
  23 kobolds
  5 quokkas
  4 bats
  4 frilled lizards
  6 rats
  A spectral orc (D:4)
180 creatures vanquished.

Notes
Turn   | Place    | Note
-------+----------+-------------------------------------------
     0 | D:1      | RBrandon the Coglin Berserker began the quest for the Orb.
     0 | D:1      | Reached XP level 1. HP: 18/18 MP: 1/1
     8 | D:1      | Noticed a minotaur skeleton
    11 | D:1      | Noticed a minotaur skeleton
    17 | D:1      | Noticed a minotaur skeleton
   125 | D:1      | Reached XP level 2. HP: 24/24 MP: 2/2
   444 | D:2      | Reached XP level 3. HP: 25/29 MP: 3/3
   717 | D:2      | Reached ** piety under Trog
  1085 | D:2      | Reached XP level 4. HP: 36/37 MP: 4/4
  1437 | D:3      | Found a white marble altar of Elyvilon.
  1437 | D:3      | Found a burning altar of Makhleb.
  1675 | D:3      | Noticed an ogre
  1679 | D:3      | Killed an ogre
  1680 | D:3      | Reached XP level 5. HP: 42/42 MP: 5/5
  1795 | D:3      | Noticed Terence
  1800 | D:3      | Killed Terence
  1801 | D:3      | Reached XP level 6. HP: 48/48 MP: 6/6
  2080 | D:3      | Found a sparkling altar of Nemelex Xobeh.
  2210 | D:4      | Noticed a water moccasin
  2217 | D:4      | Killed a water moccasin
  2333 | D:4      | Reached XP level 7. HP: 42/54 MP: 7/7
  2541 | D:4      | Found a glowing drain.
  2553 | Sewer    | Entered a sewer
  2640 | Sewer    | Reached *** piety under Trog
  2796 | Sewer    | Reached skill level 5 in Long Blades
  3153 | Sewer    | Reached XP level 8. HP: 61/61 MP: 8/8
  3480 | D:4      | Found a hazy altar of Hepliaklqana.
  3531 | D:5      | Entered Level 5 of the Dungeon
  3630 | D:5      | Noticed Ijyb
  3636 | D:5      | Killed Ijyb
  3736 | D:5      | Reached skill level 5 in Fighting
  3894 | D:5      | Reached **** piety under Trog
  4073 | D:5      | Found a runed translucent gate.
  4074 | D:5      | Found a runed translucent gate.
  4075 | D:5      | Found a runed translucent gate.
  4076 | D:5      | Noticed joemur96's ghost (amateur AtWr)
  4077 | D:5      | Identified the +5 short sword "Vaixirur" {spect, MP+9}
  4087 | D:5      | Found a roughly hewn altar of Beogh.
  4108 | D:5      | Killed joemur96's ghost
  4495 | D:6      | Found a runed translucent door.
  4500 | D:6      | Reached XP level 9. HP: 69/69 MP: 9/9
  4500 | D:6      | Noticed zazu2006's ghost (novice GnWn)
  4689 | D:6      | Found a staircase to the Ecumenical Temple.
  4799 | D:6      | Found a blossoming altar of Fedhas.
  5417 | D:6      | Killed zazu2006's ghost
  5418 | D:6      | Reached skill level 5 in Armour
  5495 | D:7      | Noticed a moth of wrath
  5501 | D:7      | Found a transporter.
  5620 | D:7      | Noticed Jeremiah
  5639 | D:7      | HP: 2/72 [wight/+0 halberd (12)]
  5640 | D:7      | Slain by a wight

Illustrated notes

Levels and vault maps discovered:
D:1:      shiori_arrival_whats_in_store_for_you, layout_rooms
D:2:      layout_loops_corners, grunt_ministairs_7
D:3:      layout_rooms, lemuel_coloured_pillars_altar,
          amethyst_overflow_temple_binary, uniq_terence
D:4:      layout_cave_pools, nicolae_hepliaklqana_monster_ancestors,
          gup_sewer_entry_pipe
D:5:      layout_basic, biasface_ghost_orc_armoury, uniq_ijyb
D:6:      layout_basic, mainiacjoe_overflow_tiny_flanked,
          minmay_temple_entry_stoned_glass, ebering_ghost_sewer_d,
          nicolae_lava_and_water
D:7:      layout_cave_pods, enter_bailey_5, gammafunk_ghost_berserking_beasts,
          uniq_jeremiah

Skill      XL: |  1  2  3  4  5  6  7  8  9 |
---------------+----------------------------+-----
Axes           | 4 |  4.4
Maces & Flails | 2 3 |  3.5
Fighting       | 4 6 7 |  7.3
Long Blades    | 3 5 6 7 |  7.7
Armour         | 2 4 5 |  5.5
Dodging        | |  1.7

Action                     |  1- 3 |  4- 6 |  7- 9 || total
---------------------------+-------+-------+-------++-------
  Melee: Hand axe          |    64 |    26 |       ||    90
         Dagger            |    35 |       |       ||    35
         Short sword       |    24 |    21 |    62 ||   107
         Mace              |       |    13 |       ||    13
         Flail             |       |    36 |    93 ||   129
         Long sword        |       |    24 |   175 ||   199
 Invoke: Berserk           |       |     3 |     5 ||     8
         Trog's Hand       |       |       |     1 ||     1
    Use: Scroll            |       |       |     7 ||     7
   Stab: Distracted        |       |       |     1 ||     1
 Armour: Animal skin       |    23 |       |       ||    23
         Ring mail         |     8 |    10 |       ||    18
         Plate armour      |       |    49 |   158 ||   207
  Dodge: Dodged            |    42 |    27 |    36 ||   105

Table legend: (Time is in decaauts)
 A = Elapsed time spent in this place.
 B = Non-inter-level travel time spent in this place.
 C = Inter-level travel time spent in this place.
 D = Time resting spent in this place.
 E = Time spent auto-exploring this place.
 F = Levels seen in this place.
 G = Mean time per level.
                   A        B        C        D        E       F      G
               +--------+--------+--------+--------+--------+-----+--------+
         Total |   5901 |   5722 |    179 |    340 |   3980 |   8 |  737.6 |
       Dungeon |   5047 |   4868 |    179 |    325 |   3373 |   7 |  721.0 |
         Sewer |    853 |    853 |      0 |     14 |    607 |   1 |  853.0 |
               +--------+--------+--------+--------+--------+-----+--------+

Top non-repeatable levels by time:
     D:6: 1067 daAuts
     D:2: 925 daAuts
     D:5: 907 daAuts
   Sewer: 853 daAuts
     D:3: 852 daAuts
     D:4: 716 daAuts
     D:1: 396 daAuts
     D:7: 182 daAuts

Levels and vault maps discovered:
D:1:      shiori_arrival_whats_in_store_for_you, layout_rooms
D:2:      layout_loops_corners, grunt_ministairs_7
D:3:      layout_rooms, lemuel_coloured_pillars_altar,
          amethyst_overflow_temple_binary, uniq_terence
D:4:      layout_cave_pools, nicolae_hepliaklqana_monster_ancestors,
          gup_sewer_entry_pipe
D:5:      layout_basic, biasface_ghost_orc_armoury, uniq_ijyb
D:6:      layout_basic, mainiacjoe_overflow_tiny_flanked,
          minmay_temple_entry_stoned_glass, ebering_ghost_sewer_d,
          nicolae_lava_and_water
D:7:      layout_cave_pods, enter_bailey_5, gammafunk_ghost_berserking_beasts,
          uniq_jeremiah

Table legend: (Time is in decaauts)
 A = Elapsed time spent in this place.
 B = Non-inter-level travel time spent in this place.
 C = Inter-level travel time spent in this place.
 D = Time resting spent in this place.
 E = Time spent auto-exploring this place.
 F = Levels seen in this place.
 G = Mean time per level.
                   A        B        C        D        E       F      G
               +--------+--------+--------+--------+--------+-----+--------+
         Total |   5901 |   5722 |    179 |    340 |   3980 |   8 |  737.6 |
       Dungeon |   5047 |   4868 |    179 |    325 |   3373 |   7 |  721.0 |
         Sewer |    853 |    853 |      0 |     14 |    607 |   1 |  853.0 |
               +--------+--------+--------+--------+--------+-----+--------+

Top non-repeatable levels by time:
     D:6: 1067 daAuts
     D:2: 925 daAuts
     D:5: 907 daAuts
   Sewer: 853 daAuts
     D:3: 852 daAuts
     D:4: 716 daAuts
     D:1: 396 daAuts
     D:7: 182 daAuts

Table legend:
 A = Kills in this place as a percentage of kills in the entire game.
 B = Kills by you in this place as a percentage of kills by you in the entire game.
 C = Kills by friends in this place as a percentage of kills by friends in the entire game.
 D = Other kills in this place as a percentage of other kills in the entire game.
 E = Experience gained in this place as a percentage of experience gained in the entire game.
 F = Experience gained in this place divided by the number of levels of this place that you have seen.
                   A       B       C       D       E      F
               +-------+-------+-------+-------+-------+----------------------
         Total | 100.0 | 100.0 |   N/A |   N/A | 100.0 | 493.0
       Dungeon |  84.4 |  84.4 |   N/A |   N/A |  83.1 | 468.3
         Sewer |  15.6 |  15.6 |   N/A |   N/A |  16.9 | 666.0
               +-------+-------+-------+-------+-------+----------------------
